 Dungeon Crawl Stone Soup version 0.32-a0-361-g289a535e89 (webtiles) character file.

Game seed: 1932626892576497314

597 pokeman the Magician (level 7, -2/39 HPs)
             Began as a Deep Elf Hedge Wizard on Feb 18, 2024.
             Was an Initiate of Vehumet.
             Slain by a phantom (6 damage)
             ... on level 6 of the Dungeon.
             The game lasted 00:11:55 (6318 turns).

pokeman the Magician (Deep Elf Hedge Wizard)        Turns: 6318, Time: 00:11:56

Health: -2/39      AC:  4    Str:  7    XL:     7   Next: 17%
Magic:  12/20      EV: 13    Int: 21    God:    Vehumet [......]
Gold:   228        SH:  0    Dex: 14    Spells: 4/21 levels left

rFire   . . .        a - +0 dagger
rCold   . . .        (no shield)
rNeg    . . .        b - +0 robe
rPois   .            c - +0 hat
rElec   .            A - +0 cloak
rCorr   .            q - +0 pair of gloves
SInv    .            (no boots)
Will    .....        (no amulet)
Stlth   ++           l - +4 ring of slaying
HPRegen 0.26/turn    (no ring)
MPRegen 0.17/turn

%: no passive effects
@: on blink cooldown
A: no striking features
a: Renounce Religion


You were on level 6 of the Dungeon.
You worshipped Vehumet.
Vehumet was noncommittal.
You visited 2 branches of the dungeon, and saw 7 of its levels.
You also visited: Sewer.

You collected 228 gold pieces.

Inventory:

Hand Weapons
 a - a +0 dagger (weapon)
Missiles
 j - a throwing net
 w - a curare-tipped dart
Armour
 b - a +0 robe (worn)
 c - a +0 hat (worn)
 g - an orb of energy
 q - a +0 pair of gloves (worn)
 A - a +0 cloak (worn)
Jewellery
 l - a +4 ring of slaying (left hand)
Wands
 o - a wand of paralysis (5)
 y - a wand of polymorph (8)
Scrolls
 e - 5 scrolls of amnesia {unknown}
 f - 4 scrolls of identify {unknown}
 k - 2 scrolls of silence {unknown}
 m - a scroll of torment {unknown}
 n - 2 scrolls of revelation {unknown}
 p - 2 scrolls of teleportation {unknown}
 r - a scroll of fog {unknown}
 s - a scroll of enchant weapon {unknown}
 t - a scroll of blinking {unknown}
 u - 2 scrolls of enchant armour {unknown}
 v - a scroll of fear {unknown}
 z - a scroll of vulnerability {unknown}
 B - 3 scrolls of poison {unknown}
Potions
 d - 5 potions of magic
 h - a potion of heal wounds
 i - 2 potions of curing {unknown}
 x - 2 potions of cancellation {unknown}
 C - a potion of might {unknown}


   Skills:
 + Level 1.7 Fighting
 - Level 1.0 Armour
 - Level 3.0 Dodging
 - Level 3.0 Stealth
 * Level 7.5 Spellcasting
 + Level 3.6 Conjurations
 - Level 1.1 Summonings
 - Level 1.1 Translocations
 + Level 2.1 Fire Magic
 + Level 1.8 Ice Magic
 - Level 1.0 Air Magic
 - Level 1.0 Alchemy
 - Level 1.0 Evocations


You had 4 spell levels left.
You knew the following spells:

 Your Spells              Type           Power      Damage    Failure   Level
a - Magic Dart            Conj           92%        1d7       1%          1
b - Mephitic Cloud        Conj/Alch/Air  15%        N/A       12%         3
c - Call Imp              Summ           24%        N/A       9%          2
d - Blink                 Tloc           24%        N/A       9%          2
e - Ignite Poison         Fire/Alch      14%        N/A       41%         4
f - Freezing Cloud        Conj/Ice/Air   8%         6-21      67%         5

Your spell library contained the following spells:

 Spells                   Type           Power      Damage    Failure   Level
 Slow                     Hex            28%        N/A       9%          1
 Ensorcelled Hibernation  Hex/Ice        22%        N/A       9%          2
 Cigotuvi's Dreadful Rot  Necr/Alch/Air  20%        N/A       10%         2
 Sublimation of Blood     Necr           7%         N/A       13%         2
 Gell's Gravitas          Tloc           12%        N/A       16%         3
 Teleport Other           Tloc           12%        N/A       16%         3
 Swiftness                Air            12%        N/A       17%         3
 Passwall                 Erth           7%         N/A       26%         3
 Dispersal                Tloc           6%         N/A       100%        6
 Summon Hydra             Summ           6%         N/A       100%        7


Dungeon Overview and Level Annotations

Branches:
Dungeon (6/15)             Temple (1/1) D:5           Sewer (visited)

Altars:
Ashenzari
Cheibriados
Dithmenos
Elyvilon
Fedhas
Gozag
Hepliaklqana
Makhleb
Nemelex Xobeh
Okawaru
Qazlal
Ru
Uskayaw
Vehumet
Wu Jian
Xom
Yredelemnul
Zin
The Shining One


Message History

The centaur kicks itself but does no damage.
The centaur is engulfed in noxious fumes.
The centaur appears confused.
The centaur gestures wildly.
The centaur closely misses you. The centaur kicks you.
The centaur barely misses you. The centaur misses you.
Casting: Mephitic Cloud (dangerous; 12% risk of failure)
Confirm with . or Enter, or press ? or * to list all spells.
You blink.
Casting: Blink (safe; 9% risk of failure)
Confirm with . or Enter, or press ? or * to list all spells.
A tiny devil pulls itself out of the air.
You feel ready to blink again. The phantom attacks as it pursues you!
The phantom hits you.
Your cerulean imp closely misses the phantom.
You hit the phantom but do no damage. The phantom barely misses you.
Your cerulean imp closely misses the phantom.
You hit the phantom.
The phantom is lightly damaged.
The phantom hits you.
The phantom blinks!
You blink.
The phantom attacks as it pursues you! The phantom hits you!
* * * LOW HITPOINT WARNING * * *
The phantom blinks!
You blink.
Your cerulean imp hits the phantom from afar with a -3 spear.
You hit the phantom.
The phantom is lightly damaged.
The phantom hits you!
* * * LOW HITPOINT WARNING * * *
Your cerulean imp hits the phantom from afar with a -3 spear.
Unknown command.
The phantom closely misses you.
Your cerulean imp barely misses the phantom.
Casting: Call Imp (safe; 9% risk of failure)
Confirm with . or Enter, or press ? or * to list all spells.
You blink.
The gargoyle hits your cerulean imp with a +0 flail!!
Your cerulean imp dies!
Your cerulean imp disappears in a puff of smoke!
The phantom hits you.
You die...

#....##†.##'#......
#....##..##§##....#
#....##..#.c.'9...#
#....#...#...#....#
+..9.#...#...#....#
#....##..##..#....#
#..§.###'#####....#
#..W.##...# #....#
#.@...#...# #....#
+....##'### #....#
#....##..###
#..........#
#....##....#
#....##....#
+..........# #
#..........# #.
#...###.#### ##..


You could see a gargoyle and a phantom.

Vanquished Creatures
  A water moccasin (D:6)
  A kobold brigand (Sewer)
  A bombardier beetle (D:5)
  A hound (D:6)
  2 orc wizards
  2 river rats (Sewer)
  10 adders
  A white imp (D:6)
  3 dart slugs
  3 ribbon worms
  12 orcs
  11 ball pythons
  4 bats
  6 endoplasms
  3 giant cockroaches
  5 goblins
  6 hobgoblins
  4 jackals (D:4)
  4 quokkas
  4 frilled lizards
  6 kobolds
  8 rats
98 creatures vanquished.

Vanquished Creatures (collateral kills)
  An adder (D:4)
1 creature vanquished.

Grand Total: 99 creatures vanquished

Notes
Turn   | Place    | Note
-------+----------+-------------------------------------------
     0 | D:1      | pokeman the Deep Elf Hedge Wizard began the quest for the
                  | Orb.
     0 | D:1      | Reached XP level 1. HP: 10/10 MP: 7/7
   223 | D:1      | Reached XP level 2. HP: 16/16 MP: 5/9
   587 | D:1      | Reached skill level 5 in Spellcasting
  1047 | D:2      | Reached XP level 3. HP: 20/20 MP: 9/11
  1052 | D:2      | Learned a level 3 spell: Mephitic Cloud
  1055 | D:2      | Learned a level 2 spell: Call Imp
  1058 | D:2      | Learned a level 2 spell: Blink
  1266 | D:2      | Reached skill level 1 in Armour
  1310 | D:2      | Reached skill level 1 in Fighting
  1693 | D:2      | Found a faded altar of an unknown god.
  1702 | D:2      | Reached XP level 4. HP: 25/25 MP: 6/13
  2988 | D:3      | Learned a level 4 spell: Ignite Poison
  3030 | D:3      | Found an iron altar of Okawaru.
  3474 | D:4      | Reached skill level 6 in Spellcasting
  3478 | D:4      | Reached XP level 5. HP: 16/29 MP: 5/15
  3583 | D:4      | Found a glowing drain.
  3604 | Sewer    | Entered a sewer
  3892 | Sewer    | Reached skill level 1 in Air Magic
  3892 | Sewer    | Reached skill level 1 in Evocations
  3975 | Sewer    | Reached skill level 1 in Fire Magic
  3975 | Sewer    | Reached skill level 1 in Alchemy
  3985 | Sewer    | Learned a level 5 spell: Freezing Cloud
  4194 | Sewer    | Reached XP level 6. HP: 13/34 MP: 6/17
  4739 | D:5      | Entered Level 5 of the Dungeon
  4836 | D:5      | Reached skill level 1 in Ice Magic
  4946 | D:5      | Found a staircase to the Ecumenical Temple.
  4955 | Temple   | Entered the Ecumenical Temple
  4965 | Temple   | Became a worshipper of Vehumet
  5044 | D:5      | Reached skill level 7 in Spellcasting
  5831 | D:6      | Noticed a gargoyle
  5940 | D:6      | Noticed a water moccasin
  5955 | D:6      | Killed a water moccasin
  5956 | D:6      | Reached XP level 7. HP: 16/39 MP: 4/19
  6318 | D:6      | Slain by a phantom

Illustrated notes

Levels and vault maps discovered:
D:1:      matt_arrival_debris, layout_loops_ring, dreamdust_princess_corridor
D:2:      layout_basic, hellmonk_ecumenical_altar_zigzags, minmay_statues_item
D:3:      layout_basic, okawaru_metal_pillars_1_2, corexii_shack
D:4:      layout_basic, cheibrodos_sewer_entry_bend
D:5:      layout_loops_ring, minmay_temple_entry_junction, serial_aquarium,
          aquarium_bridge_island_large [aquarium_subvault_large_4_pools,
          aquarium_subvault_wall, aquarium_subvault_bridge,
          aquarium_subvault_balcony, aquarium_subvault_wall],
          aquarium_bridge_straight [aquarium_subvault_bridge,
          aquarium_subvault_balcony, aquarium_subvault_bridge,
          aquarium_subvault_window], aquarium_window_corridor_3,
          aquarium_window_fake, aquarium_view_2e, aquarium_balcony_double_2,
          aquarium_pool_2
D:6:      layout_gridville, uniq_edmund
Temple:   dpeg_three_leaves_temple

Skill      XL: |  1  2  3  4  5  6 |
---------------+-------------------+-----
Spellcasting   | 5 6 7 |  7.5
Armour         | 1 |  1.0
Fighting       | 1 |  1.7
Conjurations   | 2 3 |  3.6
Stealth        | 3 |  3.0
Dodging        | 3 |  3.0
Air Magic      | 1 |  1.0
Evocations     | 1 |  1.0
Fire Magic     | 1 2 |  2.1
Alchemy        | 1 |  1.0
Ice Magic      | 1 |  1.8
Summonings     | |  1.1
Translocations | |  1.1

Action                     |  1- 3 |  4- 6 |  7- 9 || total
---------------------------+-------+-------+-------++-------
  Melee: Dagger            |       |    53 |     3 ||    56
   Cast: Magic Dart        |    76 |   160 |    15 ||   251
         Blink             |    10 |     1 |     2 ||    13
         Mephitic Cloud    |       |     9 |     2 ||    11
         Call Imp          |       |     2 |     1 ||     3
  Evoke: Wand              |       |     1 |       ||     1
    Use: Potion            |       |     1 |       ||     1
   Stab: Confused          |       |     8 |       ||     8
 Armour: Robe              |     4 |    41 |    13 ||    58
  Dodge: Dodged            |     8 |    57 |     9 ||    74

Table legend: (Time is in decaauts)
 A = Elapsed time spent in this place.
 B = Non-inter-level travel time spent in this place.
 C = Inter-level travel time spent in this place.
 D = Time resting spent in this place.
 E = Time spent auto-exploring this place.
 F = Levels seen in this place.
 G = Mean time per level.
                   A        B        C        D        E       F      G
               +--------+--------+--------+--------+--------+-----+--------+
         Total |   6393 |   6252 |    141 |    243 |   5044 |   8 |  799.1 |
       Dungeon |   5596 |   5464 |    132 |    193 |   4459 |   6 |  932.7 |
        Temple |     20 |     11 |      9 |      0 |      0 |   1 |   20.0 |
         Sewer |    776 |    776 |      0 |     50 |    584 |   1 |  776.0 |
               +--------+--------+--------+--------+--------+-----+--------+

Top non-repeatable levels by time:
     D:2: 1454 daAuts
     D:5: 1115 daAuts
     D:1: 1045 daAuts
     D:3: 827 daAuts
   Sewer: 776 daAuts
     D:4: 710 daAuts
     D:6: 442 daAuts
  Temple: 20 daAuts
